AoeStats
← Puttsson

Arabian Desert

509692785Analyzed
1v1 RM · 4d ago on Sep 27, 2026· 58m 8s· 2 players
Game mode
Random Map
Map size
Tiny (2 player)
Population
200
Speed
Normal
Resources
Standard
Victory
Conquest
Starting age
Dark Age
Ending age
Imperial Age
RankedLock teamsTeams togetherTeam positionsShared explorationLock speedFull tech treeHidden civsTurbo modeCheats
Victory
Defeat
🇸🇪 Magyars · Sweden
1950
+16
🇹🇷 Varangians · Türkiye
1953
-16
Puttsson
6:24 Loom
8:51 Feudal Age
8:58 Man-at-Arms
9:28 Double-Bit Axe
15:13 Wheelbarrow
14:39 Fletching
23:30 Castle Age
21:52 Horse Collar
22:02 Gold Mining
23:33 Crossbowman
24:08 Bodkin Arrow
25:02 Bow Saw
27:24 Ballistics
30:22 Scale Barding Armor
32:16 Husbandry
32:54 Padded Archer Armor
41:56 Imperial Age
40:04 Bloodlines
40:29 Leather Archer Armor
40:59 Chain Barding Armor
41:08 Corvinian Army
43:30 Plate Barding Armor
43:19 Bracer
44:25 Chemistry
44:11 Parthian Tactics
46:06 Thumb Ring
46:43 Masonry
46:23 Heavy Cavalry Archer
49:29 Hand Cart
50:10 Ring Archer Armor
52:01 Thumb Ring
52:09 Town Watch
53:26 Two-Man Saw
52:26 Heavy Plow
53:01 Conscription
53:18 Hoardings
53:52 Recurve Bow
54:49 Siege Engineers
56:01 Crop Rotation
57:22 Light Cavalry
YuYa_AoE
7:21 Loom
10:14 Feudal Age
14:21 Castle Age
12:51 Double-Bit Axe
15:14 Scale Mail Armor
15:26 Bow Saw
16:42 Squires
19:50 Horse Collar
21:28 Bow Saw
25:25 Wheelbarrow
25:51 Arson
28:25 Town Watch
34:07 Hand Cart
42:21 Imperial Age
41:07 Stone Mining
41:10 Gold Mining
40:54 Elite Skirmisher
42:25 Heavy Plow
42:49 Fletching
42:59 Padded Archer Armor
42:38 Capped Ram
43:56 Bodkin Arrow
43:37 Pikeman
44:33 Chain Mail Armor
45:30 Forging
45:55 Bracer
46:55 Caravan
46:21 Halberdier
47:42 Plate Mail Armor
50:23 Iron Casting
51:37 Conscription
52:35 Blast Furnace
52:34 Scale Barding Armor
52:46 Leather Archer Armor
52:54 Ballistics
53:21 Murder Holes
55:44 Chemistry
54:25 Treadmill Crane
55:03 Masonry
56:49 Chain Barding Armor
Connection lost

Rejoining the realm…

Still unreachable

The connection could not be restored.

Session expired

The server has moved on; the page needs a fresh start.